 Dungeon Crawl Stone Soup version 0.31-a0-174-g85c54bcb58 (webtiles) character file.

Game seed: 12031291407198270959

1017 qw the Skirmisher (level 8, -1/73 HPs)
             Began as a Naga Hunter on June 15, 2023.
             Slain by a water moccasin (3 damage)
             ... on level 5 of the Dungeon.
             The game lasted 00:01:11 (2962 turns).

qw the Skirmisher (Naga Hunter)                     Turns: 2962, Time: 00:01:11

Health: -1/73      AC:  4    Str: 14    XL:     8   Next: 22%
Magic:  8/8        EV: 10    Int: 10    God:
Gold:   286        SH:  0    Dex: 16    Spells: 7/7 levels left

rFire   . . .        f - +2 shortbow (heavy)
rCold   . . .        (shield currently unavailable)
rNeg    + . .        c - +0 leather armour
rPois   +            (no helmet)
rElec   .            (no cloak)
rCorr   .            (no gloves)
SInv    +            (no barding)
Will    +....        (no amulet)
Stlth   ++           k - ring of positive energy
HPRegen 0.32/turn    (no ring)
MPRegen 0.11/turn

%: no passive effects
@: lethally poisoned (-1 -> -2), very slow
A: AC +2, large, see invisible, deformed body, poison resistance, slowness 2,
spit poison 1, naga tail 1
a: Spit Poison


You were on level 5 of the Dungeon.
You visited 1 branch of the dungeon, and saw 5 of its levels.

You collected 308 gold pieces.
You spent 22 gold pieces at shops.


Innate Abilities, Weirdness & Mutations

Your serpentine skin is tough. (AC +2)
You have supernaturally acute eyesight. (SInv)
Armour fits poorly on your strangely shaped body.
Your system is resistant to poisons. (rPois)
You cover ground very slowly.
You can spit poison.
You have a snake-like lower body.


   Skills:
 + Level 4.9 Fighting
 - Level 8.1 Ranged Weapons
 - Level 2.2 Dodging
 - Level 1.5 Stealth


You had 7 spell levels left.
You didn't know any spells.
Your spell library was empty.

Inventory:

Hand Weapons
 f - a +2 heavy shortbow (weapon)
Armour
 c - a +0 leather armour (worn)
Jewellery
 k - a ring of positive energy (left hand)
Scrolls
 b - 2 scrolls of identify
Potions
 a - a potion of haste
 e - 2 potions of curing
 g - a potion of enlightenment {unknown}
 i - a potion of berserk rage {unknown}
 j - a potion of heal wounds {unknown}
 l - a potion of ambrosia {unknown}

Dungeon Overview and Level Annotations

Branches:
Dungeon (5/15)
 Temple: D:4-7

Altars:
Ashenzari
Kikubaaqudgha
Nemelex Xobeh

Shops:
D:2 [   D:5 *


Message History

The water moccasin bites you but does no damage.
The water moccasin bites you!
You shoot an arrow.
The arrow hits the water moccasin but does no damage.
The water moccasin is lightly wounded.
The water moccasin barely misses you. The water moccasin bites you.
You shoot an arrow.
The arrow barely misses the water moccasin.
The water moccasin bites you. x2
The water moccasin bites you but does no damage.
You shoot an arrow.
The arrow closely misses the water moccasin.
The water moccasin bites you.
You are poisoned.
The water moccasin poisons you! The water moccasin bites you.
You shoot an arrow.
The arrow barely misses the water moccasin.
You feel very sick.
The water moccasin barely misses you. x2
You shoot an arrow.
The arrow closely misses the water moccasin.
You feel very sick. The water moccasin bites you. The water moccasin bites you!
You shoot an arrow. The arrow misses the water moccasin.
You feel very sick.
The water moccasin bites you but does no damage.
The water moccasin bites you.
You shoot an arrow.
The arrow closely misses the water moccasin.
You feel sick. The water moccasin closely misses you.
The water moccasin bites you.
You shoot an arrow. The arrow misses the water moccasin.
You feel sick. The water moccasin bites you.
The water moccasin barely misses you.
You shoot an arrow.
The arrow barely misses the water moccasin.
You feel sick.
The water moccasin bites you but does no damage.
The water moccasin bites you.
You die...

#8.<.8#......# .#
#.#...##......# #.#
#.#.#....>.....#
#)#.#>#.#.####.)....###
#.#.#.#.#............#
#.#.#.#.............#
#.#.#.#............#
.#S#.#.####.########
#.#@#.#####....#
#.#'#.#)..###.#
#(#...)'...'.#.#
#.#....)#...#.#.#
#.##....###...#.# #
#....# #.###.# #....#
#.....# #....# #######
#....#


You could see a water moccasin.

Vanquished Creatures
  Sigmund (D:2)
  A steam dragon (D:4)
  A black bear (D:5)
  2 phantoms
  A scorpion (D:4)
  A vampire bat (D:3)
  An orc priest (D:4)
  Jessica (D:2)
  2 iguanas (D:4)
  Terence (D:2)
  3 orc wizards (D:4)
  3 gnolls (D:5)
  5 adders
  A white imp (D:4)
  A worm (D:3)
  A dart slug (D:2)
  19 orcs
  4 ball pythons
  15 bats
  5 endoplasms
  3 giant cockroaches
  9 goblins
  8 hobgoblins
  A quokka (D:3)
  3 frilled lizards (D:1)
  4 kobolds
  4 rats
101 creatures vanquished.

Vanquished Creatures (others)
  A human (D:4)
1 creature vanquished.

Grand Total: 102 creatures vanquished

Notes
Turn   | Place    | Note
-------+----------+-------------------------------------------
     0 | D:1      | qw the Naga Hunter began the quest for the Orb.
     0 | D:1      | Reached XP level 1. HP: 19/19 MP: 1/1
     0 | D:1      | 0 ||| qw: Version: 0.2-a-29-g511e9b1
     0 | D:1      | 0 ||| qw: Game counter: 5582
     0 | D:1      | 0 ||| qw: Always use a shield: true
     0 | D:1      | 0 ||| qw: God list: Okawaru
     0 | D:1      | 0 ||| qw: Allow faded altars: false
     0 | D:1      | 0 ||| qw: Do Orc after D:15 true
     0 | D:1      | 0 ||| qw: Do second Lair branch before Depths: true
     0 | D:1      | 0 ||| qw: Lair rune preference: random
     0 | D:1      | 0 ||| qw: Plans: Normal
     0 | D:1      | 0 ||| PLANNING D:1-11
    27 | D:1      | 27 ||| INVOKING Spit Poison.
    31 | D:1      | 31 ||| INVOKING Spit Poison.
    35 | D:1      | 35 ||| INVOKING Spit Poison.
   134 | D:1      | 134 ||| INVOKING Spit Poison.
   168 | D:1      | 168 ||| INVOKING Spit Poison.
   289 | D:1      | Reached skill level 4 in Ranged Weapons
   289 | D:1      | Reached XP level 2. HP: 26/26 MP: 2/2
   300 | D:1      | 300 ||| INVOKING Spit Poison.
   334 | D:1      | 334 ||| INVOKING Spit Poison.
   348 | D:1      | 348 ||| INVOKING Spit Poison.
   380 | D:1      | 380 ||| INVOKING Spit Poison.
   387 | D:1      | 387 ||| INVOKING Spit Poison.
   403 | D:1      | 403 ||| INVOKING Spit Poison.
   635 | D:1      | Found a faded altar of an unknown god.
   799 | D:1      | 799 ||| READING scroll labelled ZAEHAO VIEVYE.
   800 | D:1      | 800 ||| READING scroll labelled SATAL COAMA.
   801 | D:1      | 801 ||| READING scroll labelled PEEZUIX MIWAUM.
   802 | D:1      | 802 ||| DRINKING 2 sedimented puce potions.
   803 | D:1      | 803 ||| DRINKING 2 emerald potions.
   804 | D:1      | 804 ||| DROPPING scroll of butterflies.
   805 | D:1      | 805 ||| DROPPING potion of degeneration.
   806 | D:1      | 806 ||| DROPPING potion of brilliance.
   887 | D:2      | Found Ahar's Antique Armour Emporium.
   889 | D:2      | 889 ||| INVOKING Spit Poison.
   896 | D:2      | 896 ||| SHOPLISTING runed ring mail (175 gold, have 99).
   917 | D:2      | Found a broken altar of Ashenzari.
   950 | D:2      | 950 ||| UPGRADING to +2 heavy shortbow.
   951 | D:2      | 951 ||| DROPPING +1 shortbow.
   958 | D:2      | 958 ||| INVOKING Spit Poison.
   960 | D:2      | Reached XP level 3. HP: 32/32 MP: 3/3
   976 | D:2      | Noticed Jessica
   977 | D:2      | Killed Jessica
   984 | D:2      | Noticed Sigmund
   985 | D:2      | 985 ||| INVOKING Spit Poison.
   988 | D:2      | 988 ||| INVOKING Spit Poison.
   991 | D:2      | 991 ||| READING scroll labelled XIGI MIGIKARA.
  1003 | D:2      | 1003 ||| FLEEEEING.
  1005 | D:2      | 1005 ||| FLEEEEING.
  1006 | D:2      | 1006 ||| INVOKING Spit Poison.
  1006 | D:2      | HP: 6/32 [Sigmund/+0 scythe (12)]
  1007 | D:2      | Killed Sigmund
  1008 | D:2      | Reached skill level 6 in Ranged Weapons
  1008 | D:2      | Reached XP level 4. HP: 8/39 MP: 4/4
  1008 | D:2      | Reached XP level 5. HP: 10/45 MP: 5/5
  1171 | D:2      | 1171 ||| INVOKING Spit Poison.
  1173 | D:2      | Reached XP level 6. HP: 52/52 MP: 6/6
  1224 | D:2      | 1224 ||| INVOKING Spit Poison.
  1228 | D:2      | 1228 ||| INVOKING Spit Poison.
  1310 | D:2      | 1310 ||| INVOKING Spit Poison.
  1452 | D:2      | Noticed Terence
  1453 | D:2      | 1453 ||| INVOKING Spit Poison.
  1455 | D:2      | Killed Terence
  1472 | D:2      | 1472 ||| DRINKING 2 orange potions.
  1501 | D:3      | 1501 ||| INVOKING Spit Poison.
  1525 | D:3      | 1525 ||| INVOKING Spit Poison.
  1528 | D:3      | 1528 ||| INVOKING Spit Poison.
  1530 | D:3      | Reached skill level 3 in Fighting
  1532 | D:3      | 1532 ||| INVOKING Spit Poison.
  1537 | D:3      | 1537 ||| INVOKING Spit Poison.
  1540 | D:3      | 1540 ||| INVOKING Spit Poison.
  1548 | D:3      | 1548 ||| INVOKING Spit Poison.
  1549 | D:3      | 1549 ||| INVOKING Spit Poison.
  1603 | D:3      | 1603 ||| INVOKING Spit Poison.
  1607 | D:3      | 1607 ||| INVOKING Spit Poison.
  1610 | D:3      | 1610 ||| INVOKING Spit Poison.
  1620 | D:3      | 1620 ||| INVOKING Spit Poison.
  1709 | D:3      | 1709 ||| INVOKING Spit Poison.
  1716 | D:3      | 1716 ||| INVOKING Spit Poison.
  1754 | D:3      | 1754 ||| INVOKING Spit Poison.
  1758 | D:3      | 1758 ||| INVOKING Spit Poison.
  1789 | D:3      | 1789 ||| INVOKING Spit Poison.
  1798 | D:3      | 1798 ||| INVOKING Spit Poison.
  1821 | D:3      | 1821 ||| INVOKING Spit Poison.
  1826 | D:3      | 1826 ||| INVOKING Spit Poison.
  1946 | D:3      | 1946 ||| INVOKING Spit Poison.
  1966 | D:3      | Found a sparkling altar of Nemelex Xobeh.
  2004 | D:3      | 2004 ||| UPGRADING to ring of positive energy.
  2005 | D:3      | 2005 ||| DRINKING 2 golden potions.
  2030 | D:3      | 2030 ||| READING 2 scrolls of identify.
  2030 | D:3      | 2030 ||| IDENTIFYING green potion
  2031 | D:3      | 2031 ||| DROPPING potion of lignification.
  2061 | D:4      | 2061 ||| INVOKING Spit Poison.
  2074 | D:4      | Noticed a steam dragon
  2078 | D:4      | 2078 ||| INVOKING Spit Poison.
  2081 | D:4      | 2081 ||| INVOKING Spit Poison.
  2084 | D:4      | 2084 ||| INVOKING Spit Poison.
  2084 | D:4      | HP: 10/57 [steam dragon (11)]
  2085 | D:4      | Killed a steam dragon
  2086 | D:4      | Reached XP level 7. HP: 12/66 MP: 7/7
  2088 | D:4      | 2088 ||| INVOKING Spit Poison.
  2088 | D:4      | HP: 3/66 [iguana (10)]
  2348 | D:4      | 2348 ||| INVOKING Spit Poison.
  2351 | D:4      | 2351 ||| INVOKING Spit Poison.
  2352 | D:4      | 2352 ||| INVOKING Spit Poison.
  2371 | D:4      | 2371 ||| INVOKING Spit Poison.
  2373 | D:4      | Found an ancient bone altar of Kikubaaqudgha.
  2377 | D:4      | Noticed a human
  2378 | D:4      | Killed a human
  2390 | D:4      | Identified the +4 rapier "Vuawolaape" {heavy, *Corrode
                  | +Blink rElec rN++}
  2391 | D:4      | 2391 ||| INVOKING Spit Poison.
  2398 | D:4      | 2398 ||| INVOKING Spit Poison.
  2402 | D:4      | 2402 ||| INVOKING Spit Poison.
  2420 | D:4      | Reached skill level 7 in Ranged Weapons
  2421 | D:4      | 2421 ||| INVOKING Spit Poison.
  2437 | D:4      | 2437 ||| INVOKING Spit Poison.
  2542 | D:4      | 2542 ||| Stepping ~*~*~tactically~*~*~ (outnumbered).
  2544 | D:4      | 2544 ||| Stepping ~*~*~tactically~*~*~ (outnumbered).
  2545 | D:4      | 2545 ||| INVOKING Spit Poison.
  2548 | D:4      | 2548 ||| INVOKING Spit Poison.
  2552 | D:4      | 2552 ||| INVOKING Spit Poison.
  2654 | D:4      | 2654 ||| INVOKING Spit Poison.
  2657 | D:4      | 2657 ||| INVOKING Spit Poison.
  2811 | D:4      | 2811 ||| READING scroll labelled XIUHIM ERONK.
  2812 | D:4      | 2812 ||| DROPPING potion of invisibility.
  2817 | D:5      | Entered Level 5 of the Dungeon
  2817 | D:5      | Found Manoepti's General Store.
  2820 | D:5      | 2820 ||| BUYING scroll of identify (22 gold).
  2820 | D:5      | Bought a scroll of identify for 22 gold pieces
  2826 | D:5      | 2826 ||| INVOKING Spit Poison.
  2833 | D:5      | Reached XP level 8. HP: 63/73 MP: 8/8
  2894 | D:5      | 2894 ||| INVOKING Spit Poison.
  2898 | D:5      | 2898 ||| INVOKING Spit Poison.
  2947 | D:5      | 2947 ||| INVOKING Spit Poison.
  2951 | D:5      | Reached skill level 8 in Ranged Weapons
  2959 | D:5      | HP: 16/73 [poisoned by a water moccasin]
  2960 | D:5      | HP: 5/73 [water moccasin (6)]
  2962 | D:5      | HP: 2/73 [poisoned by a water moccasin]
  2962 | D:5      | Slain by a water moccasin

Levels and vault maps discovered:
D:1:      scummos_arrival_simple_fountains, layout_basic,
          shapermc_ecumenical_altar_mp_vishouse
D:2:      layout_basic, serial_shops, shop, basic_altar,
          minmay_misc_feat_diagonals, chequers_garden, uniq_terence,
          uniq_jessica, uniq_sigmund
D:3:      layout_rooms, lemuel_doored_altar, roderic_batcave, st_stairs_7
D:4:      layout_cave_pools, tgw_kikubaaqudgha
D:5:      layout_basic, grunt_temple_overflow_open, nicolae_stop_n_shop_2,
          uniq_duvessa

Skill      XL: |  1  2  3  4  5  6  7  8 |
---------------+-------------------------+-----
Ranged Weapons | 4 6 7 8 |  8.1
Fighting       | 4 |  4.9
Dodging        | 2 |  2.2
Stealth        | |  1.5

Action                     |  1- 3 |  4- 6 |  7- 9 || total
---------------------------+-------+-------+-------++-------
   Fire: Shortbow          |    29 |    62 |    74 ||   165
Ability: Spit Poison       |    16 |    29 |    18 ||    63
    Use: Scroll            |     4 |     1 |     1 ||     6
         Potion            |     2 |     2 |       ||     4
 Armour: Leather armour    |     2 |    15 |     9 ||    26
  Dodge: Dodged            |     4 |    15 |    19 ||    38

Table legend:
 A = Non-vault XP
 B = Vault XP
 C = Vault XP percentage of total XP
 D = Non-vault monster count
 E = Vault monster count
 F = Vault count percentage of total count
                 A         B        C        D         E       F
            +---------+---------+-------+---------+---------+-------
      Total |    1070 |     384 |  26.4 |      86 |      15 |  14.9
            +---------+---------+-------+---------+---------+-------
        D:1 |      24 |       0 |   0.0 |      15 |       0 |   0.0
        D:2 |      48 |     312 |  86.7 |      12 |       3 |  20.0
        D:3 |      70 |      72 |  50.7 |      26 |      12 |  31.6
        D:4 |     652 |       0 |   0.0 |      26 |       0 |   0.0
        D:5 |     276 |       0 |   0.0 |       7 |       0 |   0.0
            +---------+---------+-------+---------+---------+-------
